 Dungeon Crawl Stone Soup version 0.15.1-4-gac8487e (webtiles) character file.

72 Johnny the Chiller (level 3, -2/28 HPs)
             Began as a Demigod Ice Elementalist on Oct 14, 2014.
             Slain by a gnoll
             ... wielding a +0 spear
              (6 damage)
             ... on Level 2 of the Dungeon.
             The game lasted 00:03:42 (1598 turns).

Johnny the Chiller (Demigod Ice Elementalist)       Turns: 1598, Time: 00:03:42

HP  -2/28        AC  4     Str 11      XL: 3   Next: 82%
MP   8/8         EV 15     Int 21      God:
Gold 44          SH  0     Dex 16      Spells:  1 memorised,  5 levels left

rFire  . . .     SeeInvis .     i - +1 spear (venom)
rCold  . . .     Clarity  .     p - +0 leather armour
rNeg   + . .     rCorr    .     (no shield)
rPois  .         rRot     .     (no helmet)
rElec  .         Spirit   .     (no cloak)
SustAb .         Warding  .     (no gloves)
rMut   .         Stasis   .     d - +0 pair of boots
Gourm  .                        (no amulet)
MR     .....                    n - +4 ring of evasion
                                g - ring of positive energy

@: not resistant to hostile enchantments, unstealthy
A: no striking features
a: no special abilities


You were on level 2 of the Dungeon.
You were full.

You visited 1 branch of the dungeon, and saw 2 of its levels.

You collected 44 gold pieces.

Inventory:

Hand weapons
 i - a +1 spear of venom (weapon)
Armour
 d - a +0 pair of boots (worn)
 p - a +0 leather armour (worn)
Comestibles
 c - a bread ration
 h - a beef jerky
 l - a royal jelly
 q - 3 rotting chunks of jackal flesh
 t - 4 fruits
 u - a chunk of goblin flesh
 v - 3 chunks of hobgoblin flesh
 w - a chunk of adder flesh
Scrolls
 e - a scroll of random uselessness {unknown}
 f - 3 scrolls of remove curse {unknown}
 j - 4 scrolls of identify {unknown}
Jewellery
 g - a ring of positive energy (left hand)
 n - a +4 ring of evasion (right hand)
Potions
 a - a potion of restore abilities
 k - 2 potions of cancellation
 m - 2 potions of magic {unknown}
 r - 3 potions of curing {unknown}
Books
 b - a book of Frost

   Spells                             Type                      Level
   *Freeze                            Ice                          1
   Throw Frost                        Conjuration/Ice              2
   Ozocubu's Armour                   Charms/Ice                   3
   Throw Icicle                       Conjuration/Ice              4
   Summon Ice Beast                   Ice/Summoning                4
   Condensation Shield                Ice                          4
 s - a book of Hinderance

   Spells                             Type                      Level
   Confusing Touch                    Hexes                        2
   Confuse                            Hexes                        3
   Petrify                            Transmutation/Earth          4
   Leda's Liquefaction                Hexes/Earth                  4
   Metabolic Englaciation             Hexes/Ice                    5
   Summon Mana Viper                  Hexes/Summoning              5


   Skills:
 * Level 1.5 Fighting
 + Level 0.3 Armour
 + Level 2.1 Dodging
 + Level 2.4 Stealth
 * Level 2.2 Spellcasting
   Level 0.8 Conjurations
 * Level 3.1 Ice Magic


You had 5 spell levels left.
You knew the following spells:

 Your Spells              Type           Power        Failure   Level  Hunger
a - Freeze                Ice            ###.         4%          1    #......


Dungeon Overview and Level Annotations

Branches:
Dungeon (2/15)


Message History

The gnoll is almost dead.
The gnoll hits you with a flail.
* * * LOW HITPOINT WARNING * * *
You kill the gnoll!
Attack whom?
Press: ? - help, Dir - move target cursor, f - worm
Aim: a worm (almost dead)
You reach to attack!
You barely miss the worm.
The worm is almost dead.
Unknown command.
Drink which item? (? for menu, Esc to quit)
Okay, then.
Read which item? (? for menu, Esc to quit)
Okay, then.
Drink which item? (? for menu, Esc to quit)
You feel magically purged.
It was a potion of cancellation.
Drink which item? (? for menu, Esc to quit)
You feel refreshed.
It was a potion of restore abilities.
The gnoll hits you from afar with a spear.
You die...

###### ########
#....# #......#####
#.@..###......##...
#.w..#........##...
#...g#.#......##...
#....#.>...........
#...)#........##.).
#.......#..........
#.......#.##.......
#.......#.##.......
###.......##.......


You could see a worm and a gnoll.

Vanquished Creatures
  2 gnolls (D:2)
  2 adders (D:2)
  2 bats (D:1)
  7 goblins
  5 hobgoblins
  A quokka (D:2)
  A giant cockroach (D:2)
  A giant newt (D:1)
  6 jackals (D:2)
  3 kobolds
  3 rats (D:1)
33 creatures vanquished.

Notes
Turn   | Place    | Note
--------------------------------------------------------------
     0 | D:1      | Johnny, the Demigod Ice Elementalist, began the quest for the Orb.
     0 | D:1      | Reached XP level 1. HP: 14/14 MP: 3/3
   448 | D:1      | Reached XP level 2. HP: 22/22 MP: 4/4
  1231 | D:2      | Reached skill level 1 in Fighting
  1497 | D:2      | Reached XP level 3. HP: 21/28 MP: 6/8
  1520 | D:2      | Reached skill level 3 in Ice Magic
  1598 | D:2      | Slain by a gnoll

Action                   || total
-------------------------++-------
Melee: Spear             ||    75
 Cast: Freeze            ||    15
  Use: Potion            ||     2
 Stab: Sleeping          ||     2
  Eat: Chunk             ||     2
       Meat ration       ||     1
